[Event "11th LCC Super Blitz 2019"]
[Site "London"]
[Date "2019.12.08"]
[Round "3.5"]
[White "Willow, Jonah B"]
[Black "Petrov, Vladimir Sergeev"]
[Result "1-0"]
[ECO "B50"]
[WhiteElo "2355"]
[BlackElo "2355"]
[Annotator "NA"]
[PlyCount "61"]
[EventDate "2019.12.08"]
[EventType "swiss"]
[EventCountry "ENG"]
[SourceTitle "playchess.com"]
[Source "ChessBase"]
[SourceQuality "1"]
[TimeControl "180+2"]

1. e4 c5 2. Nf3 d6 3. Nc3 Nf6 4. e5 dxe5 5. Nxe5 Nbd7 6. d4 cxd4 7. Qxd4 Nxe5 8. Qxe5 e6 9. Bg5 Be7 10. Bb5+ Bd7 11. O-O-O O-O 12. Bxf6 Bxf6 13. Qg3 Bxc3 14. bxc3 Qa5 15. Bxd7 Qxa2 16. Qd3 Rad8 17. Kd2 Qa5 18. Ke2 e5 19. Qe3 Rxd7 20. Rxd7 e4 21. Rd2 f5 22. Rhd1 Qb5+ 23. Ke1 f4 24. Qd4 e3 25. Qd5+ Qxd5 26. Rxd5 f3 27. gxf3 exf2+ 28. Kxf2 b6 29. Rd8 a5 30. Rxf8+ Kxf8 31. Rb1 1-0

[Event "11th LCC Super Blitz 2019"]
[Site "London"]
[Date "2019.12.08"]
[Round "3.5"]
[White "Cox, John J"]
[Black "Phillips, David"]
[Result "1-0"]
[ECO "A10"]
[WhiteElo "2346"]
[BlackElo "1810"]
[Annotator "NA"]
[PlyCount "57"]
[EventDate "2019.12.08"]
[EventType "swiss"]
[EventCountry "ENG"]
[SourceTitle "playchess.com"]
[Source "ChessBase"]
[SourceQuality "1"]
[TimeControl "180+2"]

1. c4 f5 2. g3 Nf6 3. Bg2 e6 4. Nc3 Be7 5. Nf3 O-O 6. O-O d6 7. b3 e5 8. Bb2 Qe8 9. d4 e4 10. Ne1 c6 11. d5 Nbd7 12. f3 Qg6 13. Qc2 f4 14. Nxe4 cxd5 15. Nxf6+ Bxf6 16. Qxg6 hxg6 17. Bxf6 Nxf6 18. cxd5 Nxd5 19. Nd3 Ne3 20. Rfc1 fxg3 21. hxg3 Bf5 22. Kf2 Ng4+ 23. fxg4 Bxd3+ 24. Ke3 Ba6 25. Bd5+ Rf7 26. Rf1 Re8+ 27. Kd4 Ree7 28. Rxf7 Rxf7 29. Rf1 1-0

[Event "11th LCC Super Blitz 2019"]
[Site "London"]
[Date "2019.12.08"]
[Round "3.5"]
[White "Gudenas, Motiejus"]
[Black "Marusenko, Petr"]
[Result "1-0"]
[ECO "B10"]
[WhiteElo "1993"]
[BlackElo "2085"]
[Annotator "NA"]
[PlyCount "92"]
[EventDate "2019.12.08"]
[EventType "swiss"]
[EventCountry "ENG"]
[SourceTitle "playchess.com"]
[Source "ChessBase"]
[SourceQuality "1"]
[TimeControl "180+2"]

1. e4 c6 2. b3 d5 3. Bb2 dxe4 4. Nc3 Nf6 5. Nge2 Bf5 6. Ng3 Bg6 7. Qe2 Nbd7 8. Ncxe4 e6 9. h4 Nxe4 10. Nxe4 Bxe4 11. Qxe4 Nf6 12. Qf3 Be7 13. Bd3 a5 14. a4 Qb6 15. g4 Rg8 16. g5 Nd5 17. Bxh7 Rh8 18. Be4 Rg8 19. Bxd5 cxd5 20. g6 f6 21. h5 O-O-O 22. O-O-O Kb8 23. Kb1 Rc8 24. h6 gxh6 25. Rxh6 Qc5 26. Qd3 e5 27. f3 Rc7 28. Rdh1 Rgc8 29. Rc1 Bf8 30. Rh7 Bg7 31. Ka2 Qb6 32. Ba3 Bf8 33. Rxc7 Qxc7 34. c3 Bxa3 35. Kxa3 Rd8 36. Kb2 Qe7 37. Rg1 Qe6 38. g7 f5 39. Qb5 Rg8 40. Qxa5 e4 41. fxe4 dxe4 42. Qc5 f4 43. Qg5 f3 44. Qe3 Qf5 45. Re1 Rxg7 46. Qxe4 Qxe4 1-0

[Event "11th LCC Super Blitz 2019"]
[Site "London"]
[Date "2019.12.08"]
[Round "3.6"]
[White "Pappelis, Dimitrios"]
[Black "Arapalea, Daniel-Ionel"]
[Result "1-0"]
[ECO "D02"]
[WhiteElo "2160"]
[BlackElo "1840"]
[Annotator "NA"]
[PlyCount "125"]
[EventDate "2019.12.08"]
[EventType "swiss"]
[EventCountry "ENG"]
[SourceTitle "playchess.com"]
[Source "ChessBase"]
[SourceQuality "1"]
[TimeControl "180+2"]

1. Nf3 d5 2. g3 Nc6 3. d4 h5 4. h4 e6 5. Bg2 Bd6 6. c4 dxc4 7. Nbd2 Nf6 8. Nxc4 Ng4 9. Nxd6+ cxd6 10. O-O Bd7 11. d5 exd5 12. Qxd5 Be6 13. Qg5 g6 14. Qxd8+ Rxd8 15. Bf4 Nce5 16. Rac1 O-O 17. Rc7 Bd5 18. Nd2 Bc6 19. Bxc6 bxc6 20. Rxa7 Nf6 21. Rc1 c5 22. Bg5 Kg7 23. Nc4 Nxc4 24. Rxc4 Rb8 25. b3 Nd5 26. e4 Nb6 27. Rc3 Ra8 28. Rb7 Nc8 29. a4 Ra7 30. Rxa7 Nxa7 31. Be7 Re8 32. Bxd6 Rxe4 33. Bxc5 Nc6 34. Re3 Rg4 35. Kf1 Kf6 36. Ke2 Kf5 37. Rf3+ Ke6 38. Re3+ Kd5 39. Ba3 Nd4+ 40. Kf1 g5 41. Bb2 gxh4 42. gxh4 Nc2 43. Rd3+ Kc6 44. Rc3+ Kb6 45. Rxc2 Rxh4 46. Rc4 Rh1+ 47. Ke2 h4 48. Be5 h3 49. Rh4 Rb1 50. Rxh3 Ka5 51. Bc3+ Kb6 52. Bd2 f5 53. b4 Ra1 54. Rh6+ Kb7 55. a5 Ka7 56. b5 Ra2 57. Rh7+ Kb8 58. b6 f4 59. f3 Rb2 60. Kd3 Rb3+ 61. Kc2 Rxf3 62. a6 Ra3 63. Rh8# 1-0

[Event "11th LCC Super Blitz 2019"]
[Site "London"]
[Date "2019.12.08"]
[Round "3.6"]
[White "Ismail, Mohammed Aayan"]
[Black "Nettleton, Charlie B"]
[Result "0-1"]
[ECO "A04"]
[WhiteElo "1641"]
[BlackElo "2021"]
[Annotator "NA"]
[PlyCount "60"]
[EventDate "2019.12.08"]
[EventType "swiss"]
[EventCountry "ENG"]
[SourceTitle "playchess.com"]
[Source "ChessBase"]
[SourceQuality "1"]
[TimeControl "180+2"]

1. e4 e5 2. Nf3 f5 3. d3 Nc6 4. Be2 Nf6 5. O-O d6 6. Nc3 Be7 7. Bg5 O-O 8. h3 h6 9. Bxf6 Bxf6 10. Nd5 Ne7 11. Nxf6+ Rxf6 12. Qd2 g5 13. Nh2 Ng6 14. g3 fxe4 15. Ng4 Bxg4 16. Bxg4 exd3 17. Qxd3 Kg7 18. Rad1 Qf8 19. Qb3 b6 20. Qc4 Qf7 21. Qe4 Rf8 22. Rd2 Ne7 23. Qb7 h5 24. Bd1 Nf5 25. Kh2 h4 26. g4 Ng3 27. Rg1 Rxf2+ 28. Rxf2 Qxf2+ 29. Rg2 Qc5 30. c3 Rf1 0-1

[Event "11th LCC Super Blitz 2019"]
[Site "London"]
[Date "2019.12.08"]
[Round "3.6"]
[White "Toh, Q Kane"]
[Black "Eames, Robert S"]
[Result "1-0"]
[ECO "D41"]
[WhiteElo "1606"]
[BlackElo "2166"]
[Annotator "NA"]
[PlyCount "49"]
[EventDate "2019.12.08"]
[EventType "swiss"]
[EventCountry "ENG"]
[SourceTitle "playchess.com"]
[Source "ChessBase"]
[SourceQuality "1"]
[TimeControl "180+2"]

1. d4 Nf6 2. c4 e6 3. Nc3 d5 4. cxd5 Nxd5 5. e4 Nxc3 6. bxc3 c5 7. Nf3 cxd4 8. cxd4 Bb4+ 9. Bd2 Bxd2+ 10. Qxd2 O-O 11. Be2 b6 12. O-O Bb7 13. e5 Nd7 14. Rac1 a6 15. Qf4 Re8 16. Ng5 Re7 17. Rc3 h6 18. Ne4 Nf8 19. Nd6 Bd5 20. Bf3 Ng6 21. Qg3 Bxf3 22. Qxf3 b5 23. Rfc1 Kh7 24. g3 Qd7 25. Qxa8 1-0

[Event "11th LCC Super Blitz 2019"]
[Site "London"]
[Date "2019.12.08"]
[Round "3.7"]
[White "Srivastava, Arnav"]
[Black "Stamatopoulos, Apostolos"]
[Result "0-1"]
[ECO "E11"]
[WhiteElo "1728"]
[BlackElo "1782"]
[Annotator "NA"]
[PlyCount "84"]
[EventDate "2019.12.08"]
[EventType "swiss"]
[EventCountry "ENG"]
[SourceTitle "playchess.com"]
[Source "ChessBase"]
[SourceQuality "1"]
[TimeControl "180+2"]

1. d4 Nf6 2. c4 e6 3. Nf3 Bb4+ 4. Bd2 Qe7 5. g3 Nc6 6. Bg2 Bxd2+ 7. Qxd2 Ne4 8. Qc2 Qb4+ 9. Nbd2 Nxd2 10. Qxd2 Qxc4 11. O-O Qb4 12. Qd3 Qe7 13. e4 d6 14. Rfe1 O-O 15. Rad1 e5 16. d5 Nb8 17. Nh4 g6 18. Qe3 a5 19. a4 Na6 20. Bf1 Nc5 21. Ng2 Nxa4 22. f4 Bg4 23. Be2 Bxe2 24. Rxe2 Nc5 25. f5 f6 26. g4 g5 27. h4 h6 28. hxg5 hxg5 29. Kf2 Kg7 30. Rh1 Rh8 31. Ree1 Raf8 32. Reg1 Qd8 33. Ne1 Rxh1 34. Rxh1 Rh8 35. Rg1 Rh4 36. Nd3 Nxd3+ 37. Qxd3 Rh2+ 38. Kf1 Qh8 39. Rg3 Rh1+ 40. Kf2 Qh2+ 41. Rg2 Qf4+ 42. Qf3 Rf1+ 0-1

[Event "11th LCC Super Blitz 2019"]
[Site "London"]
[Date "2019.12.08"]
[Round "3.7"]
[White "Brass, Ezra"]
[Black "Van Hoof, Alexander"]
[Result "0-1"]
[ECO "B18"]
[WhiteElo "1628"]
[BlackElo "1968"]
[Annotator "NA"]
[PlyCount "119"]
[EventDate "2019.12.08"]
[EventType "swiss"]
[EventCountry "ENG"]
[SourceTitle "playchess.com"]
[Source "ChessBase"]
[SourceQuality "1"]
[TimeControl "180+2"]

1. e4 c6 2. d4 d5 3. Nc3 dxe4 4. Nxe4 Bf5 5. Ng3 Bg6 6. Nf3 Nf6 7. Bd3 Bxd3 8. Qxd3 Nbd7 9. O-O e6 10. Re1 Be7 11. c3 Qc7 12. Be3 Rd8 13. a4 O-O 14. a5 Rfe8 15. Bg5 Nd5 16. Bxe7 Nxe7 17. Ng5 Ng6 18. h4 Nf6 19. h5 Nf4 20. Qf3 h6 21. N5e4 Nxe4 22. Nxe4 Nd5 23. c4 Ne7 24. Red1 Nf5 25. Qg4 Kh8 26. a6 Nxd4 27. Nc5 f5 28. Qh4 Ne2+ 29. Kf1 Nf4 30. axb7 Qb6 31. Rxd8 Rxd8 32. Qxf4 Qxc5 33. b8=Q Rxb8 34. Qxb8+ Kh7 35. Qg3 Qxc4+ 36. Kg1 Qd4 37. Qc3 Qb6 38. Qa5 Qd4 39. Qxa7 Qxb2 40. Qa3 Qe5 41. Rd1 f4 42. Qd3+ Kg8 43. Qd8+ Kh7 44. Qd3+ Kg8 45. Qf3 Qg5 46. Qxc6 f3 47. Qxf3 e5 48. Rd8+ Qxd8 49. Qb3+ Kh8 50. Qf3 Qf6 51. Qa8+ Kh7 52. Qe4+ Kg8 53. Qa8+ Kf7 54. Qd5+ Ke7 55. Qb7+ Ke6 56. Qb3+ Kf5 57. Qf3+ Kg5 58. Qxf6+ gxf6 59. Kh2 f5 60. Kg3 0-1

[Event "11th LCC Super Blitz 2019"]
[Site "London"]
[Date "2019.12.08"]
[Round "3.7"]
[White "Sheikh, Anum"]
[Black "Zulfic, Fedja"]
[Result "1/2-1/2"]
[ECO "B70"]
[WhiteElo "1560"]
[BlackElo "2032"]
[Annotator "NA"]
[PlyCount "78"]
[EventDate "2019.12.08"]
[EventType "swiss"]
[EventCountry "ENG"]
[SourceTitle "playchess.com"]
[Source "ChessBase"]
[SourceQuality "1"]
[TimeControl "180+2"]

1. e4 c5 2. Nf3 Nc6 3. d4 cxd4 4. Nxd4 g6 5. Nb3 Bg7 6. Nc3 d6 7. Be2 Nf6 8. O-O O-O 9. Bg5 Rb8 10. a4 Be6 11. f4 Kh8 12. f5 Bxb3 13. cxb3 Qb6+ 14. Kh1 Ne5 15. a5 Qd8 16. Qd2 Rc8 17. Bh6 Rc5 18. Bxg7+ Kxg7 19. b4 Rxc3 20. bxc3 Nxe4 21. Qd4 Nf6 22. fxg6 hxg6 23. Qxa7 Qc8 24. Qd4 Rh8 25. b5 Rh6 26. a6 bxa6 27. bxa6 Qh8 28. Qf4 Rh4 29. Qg3 Ne4 30. Qxh4 Qxh4 31. a7 Ng3+ 32. Kg1 Nxe2+ 33. Kh1 Ng3+ 34. Kg1 Ne2+ 35. Kh1 Ng3+ 36. Kg1 Ne2+ 37. Kh1 Ng4 38. h3 Qg3 39. hxg4 Qh4# 1/2-1/2

[Event "11th LCC Super Blitz 2019"]
[Site "London"]
[Date "2019.12.08"]
[Round "3.8"]
[White "John, Joshua"]
[Black "Tanmay Chopra"]
[Result "0-1"]
[ECO "D24"]
[WhiteElo "1694"]
[BlackElo "2100"]
[Annotator "NA"]
[PlyCount "46"]
[EventDate "2019.12.08"]
[EventType "swiss"]
[EventCountry "ENG"]
[SourceTitle "playchess.com"]
[Source "ChessBase"]
[SourceQuality "1"]
[TimeControl "180+2"]

1. d4 Nf6 2. Nf3 d5 3. c4 e6 4. Nc3 dxc4 5. a4 Nc6 6. e3 Na5 7. Ne5 c5 8. Nxc4 cxd4 9. Nxa5 Qxa5 10. Qxd4 Bb4 11. Bb5+ Bd7 12. Bd2 Rd8 13. O-O-O Bxb5 14. Nxb5 Rxd4 15. Nxd4 Bxd2+ 16. Rxd2 Qxa4 17. Rc2 Qa1+ 18. Kd2 Qxh1 19. Rc8+ Kd7 20. Rxh8 Qxg2 21. Ke1 Qh1+ 22. Ke2 Qxh2 23. Rb8 Qxb8 0-1

[Event "11th LCC Super Blitz 2019"]
[Site "London"]
[Date "2019.12.08"]
[Round "3.9"]
[White "Janula, Mariusz"]
[Black "Ball, Charlie J"]
[Result "1/2-1/2"]
[ECO "B07"]
[WhiteElo "1767"]
[BlackElo "1249"]
[Annotator "NA"]
[PlyCount "93"]
[EventDate "2019.12.08"]
[EventType "swiss"]
[EventCountry "ENG"]
[SourceTitle "playchess.com"]
[Source "ChessBase"]
[SourceQuality "1"]
[TimeControl "180+2"]

1. e4 d6 2. d4 Nf6 3. Nc3 Nbd7 4. f3 e5 5. d5 Be7 6. Bd3 c6 7. dxc6 bxc6 8. Be3 Qc7 9. Nge2 h6 10. O-O Nf8 11. Qd2 g5 12. Ng3 Ng6 13. Nf5 Bxf5 14. exf5 Nf4 15. Bc4 h5 16. Ne4 Nxe4 17. fxe4 h4 18. Rad1 Rb8 19. Bb3 Bf8 20. Kh1 Bh6 21. Qf2 g4 22. Bxa7 Rb7 23. Be3 g3 24. Qd2 gxh2 25. Bxf4 Bxf4 26. Rxf4 exf4 27. Qxf4 d5 28. e5 h3 29. Rd2 hxg2+ 30. Rxg2 Qa5 31. c3 Qc7 32. Rxh2 Rh7 33. Rh5 Rxh5+ 34. Qh2 Rh4 35. Qxh4 {[%emt 0:00:14] Ke7 Qf6+ Ke8 Bc2} Qe7 36. Qh8+ Kd7 37. e6+ fxe6 38. fxe6+ Qxe6 39. Qh7+ Kd6 40. Qh2+ Kd7 41. Qf2 Qh6+ 42. Kg1 Rb5 43. Qf5+ Kc7 44. Qe5+ Qd6 45. Qxd6+ Kxd6 46. Kf2 Rb8 47. Ke3 {[%emt 0:00:06] Rxb2 Bb3 Rb1 Kd2 Rh1 a4 Rh2+ Kd3 Rh3+ Kc2 Rh2+ Kd3 Rh3+ Kd2} 1/2-1/2

[Event "11th LCC Super Blitz 2019"]
[Site "London"]
[Date "2019.12.08"]
[Round "3.9"]
[White "Thatte, Nandinee"]
[Black "Kennedy, Craig"]
[Result "0-1"]
[ECO "A42"]
[WhiteElo "1270"]
[BlackElo "1899"]
[Annotator "NA"]
[PlyCount "56"]
[EventDate "2019.12.08"]
[EventType "swiss"]
[EventCountry "ENG"]
[SourceTitle "playchess.com"]
[Source "ChessBase"]
[SourceQuality "1"]
[TimeControl "180+2"]

1. d4 g6 2. c4 Bg7 3. Nc3 d6 4. e4 Nd7 5. f3 e5 6. d5 a6 7. Be3 f5 8. exf5 gxf5 9. g3 Ngf6 10. Bd3 Nc5 11. Nge2 Qe7 12. Qd2 e4 13. fxe4 Ncxe4 14. Nxe4 Nxe4 15. Nc3 Nxd2 16. Kxd2 O-O 17. Rae1 Qf7 18. Rhf1 Qh5 19. Rh1 b5 20. cxb5 axb5 21. Bxb5 Bxc3+ 22. Kxc3 Rxa2 23. Bc4 Ra8 24. Bf4 Ba6 25. Bb3 Qf3+ 26. Kc2 Qd3+ 27. Kc1 Bc4 28. Bxc4 Ra1# 0-1

[Event "11th LCC Super Blitz 2019"]
[Site "London"]
[Date "2019.12.08"]
[Round "3.10"]
[White "Young, Daniel J"]
[Black "Bergner, Matthias"]
[Result "1-0"]
[ECO "D78"]
[WhiteElo "1947"]
[BlackElo "1632"]
[Annotator "NA"]
[PlyCount "72"]
[EventDate "2019.12.08"]
[EventType "swiss"]
[EventCountry "ENG"]
[SourceTitle "playchess.com"]
[Source "ChessBase"]
[SourceQuality "1"]
[TimeControl "180+2"]

1. Nf3 g6 2. c4 Bg7 3. d4 Nf6 4. g3 O-O 5. Bg2 c6 6. O-O d5 7. Nbd2 dxc4 8. Nxc4 Be6 9. b3 Nbd7 10. Bb2 Nb6 11. Nce5 Nfd7 12. Nd3 Rc8 13. e4 Nf6 14. Nf4 Nxe4 15. Nxe6 fxe6 16. Qe2 Nf6 17. Qxe6+ Kh8 18. Ne5 Qe8 19. Rae1 Nfd5 20. Ng4 Qf7 21. Qxf7 Rxf7 22. a4 Rcf8 23. a5 Nc8 24. Ne5 Bxe5 25. Rxe5 Kg8 26. Bxd5 cxd5 27. Rxd5 Nd6 28. Ba3 Nf5 29. Rd7 Rb8 30. g4 Nd6 31. Bxd6 exd6 32. Rxd6 Re8 33. d5 Rfe7 34. b4 Re4 35. f3 Rxb4 36. Rd7 a6 1-0

[Event "11th LCC Super Blitz 2019"]
[Site "London"]
[Date "2019.12.08"]
[Round "3.10"]
[White "Nunn, Petra"]
[Black "Zhao, Haolin"]
[Result "1/2-1/2"]
[ECO "B36"]
[WhiteElo "1908"]
[BlackElo "1725"]
[Annotator "NA"]
[PlyCount "61"]
[EventDate "2019.12.08"]
[EventType "swiss"]
[EventCountry "ENG"]
[SourceTitle "playchess.com"]
[Source "ChessBase"]
[SourceQuality "1"]
[TimeControl "180+2"]

1. e4 c5 2. Nf3 g6 3. c4 Nc6 4. d4 cxd4 5. Nxd4 Nf6 6. Nc3 Nxd4 7. Qxd4 Bg7 8. Qd1 O-O 9. Be2 d6 10. O-O Be6 11. Be3 a6 12. Qd2 Nd7 13. Rac1 Rb8 14. Rfd1 Qa5 15. b3 Rfc8 16. f4 b5 17. Nd5 Qxd2 18. Rxd2 Kf8 19. Rdc2 bxc4 20. Bxc4 a5 21. h3 Bxd5 22. Bxd5 Rxc2 23. Rxc2 e6 24. Bc6 Nc5 25. Bxc5 dxc5 26. Rc4 Bd4+ 27. Kf1 Rb4 28. Rxb4 axb4 29. Ke2 Ke7 30. Bb5 f6 31. Kd3 1/2-1/2

[Event "11th LCC Super Blitz 2019"]
[Site "London"]
[Date "2019.12.08"]
[Round "3.10"]
[White "Yeo, Klaus Lucas"]
[Black "Ignatovic, Ernest"]
[Result "1/2-1/2"]
[ECO "C02"]
[WhiteElo "1176"]
[BlackElo "1703"]
[Annotator "NA"]
[PlyCount "95"]
[EventDate "2019.12.08"]
[EventType "swiss"]
[EventCountry "ENG"]
[SourceTitle "playchess.com"]
[Source "ChessBase"]
[SourceQuality "1"]
[TimeControl "180+2"]

1. e4 e6 2. d4 d5 3. e5 c5 4. c3 Nc6 5. Nf3 Bd7 6. Be3 Qb6 7. Qc1 cxd4 8. Nxd4 Nxd4 9. Bxd4 Bc5 10. Bxc5 Qxc5 11. Qe3 Qxe3+ 12. fxe3 Ne7 13. Bd3 Nc6 14. O-O Nxe5 15. Be2 Ke7 16. Nd2 a6 17. e4 dxe4 18. Nxe4 Bc6 19. Nc5 Rad8 20. Rad1 Rxd1 21. Rxd1 Rd8 22. Nd3 Nxd3 23. Bxd3 Be4 24. Be2 Rxd1+ 25. Bxd1 Bd5 26. b3 e5 27. c4 Be4 28. Bf3 Bc6 29. Bxc6 bxc6 30. Kf2 f5 31. g3 g5 32. Kf3 e4+ 33. Ke3 Ke6 34. g4 Ke5 35. gxf5 Kxf5 36. h3 h5 37. a4 g4 38. hxg4+ hxg4 39. b4 g3 40. b5 cxb5 41. cxb5 g2 42. Kf2 axb5 43. axb5 Ke5 44. Kxg2 Kd6 45. Kf2 Kc5 46. b6 Kxb6 47. Ke3 Kc5 48. Kxe4 1/2-1/2

[Event "11th LCC Super Blitz 2019"]
[Site "London"]
[Date "2019.12.08"]
[Round "3.12"]
[White "Patel, Rishi"]
[Black "Manmay Chopra"]
[Result "0-1"]
[ECO "C03"]
[WhiteElo "1899"]
[BlackElo "1354"]
[Annotator "NA"]
[PlyCount "104"]
[EventDate "2019.12.08"]
[EventType "swiss"]
[EventCountry "ENG"]
[SourceTitle "playchess.com"]
[Source "ChessBase"]
[SourceQuality "1"]
[TimeControl "180+2"]

1. e4 e6 2. d4 d5 3. Nd2 Be7 4. Bd3 Nf6 5. e5 Nfd7 6. f4 c5 7. c3 Nc6 8. Ngf3 Qb6 9. Qb3 c4 10. Qxb6 axb6 11. Bc2 b5 12. O-O b4 13. f5 b3 14. Bb1 exf5 15. Re1 Nb6 16. Nf1 bxa2 17. Rxa2 Rxa2 18. Bxa2 Be6 19. Ng3 O-O 20. Bb1 g6 21. Bh6 Ra8 22. Bc2 Bf8 23. Bxf8 Kxf8 24. Ng5 Kg7 25. h4 h6 26. Nf3 Ra2 27. Rb1 Na5 28. h5 g5 29. Nxf5+ Bxf5 30. Bxf5 Nb3 31. Bc2 Na4 32. Bxb3 cxb3 33. Nd2 Rxb2 34. Rxb2 Nxb2 35. Nxb3 Nd1 36. Nc5 Nxc3 37. Kf2 b5 38. Ke3 b4 39. Kd3 Nb5 40. Nb3 f6 41. exf6+ Kxf6 42. g4 Ke6 43. Nc5+ Kd6 44. Na6 b3 45. Nc5 b2 46. Kc2 Nxd4+ 47. Kxb2 Kxc5 48. Kc3 Nf3 49. Kd3 Ne5+ 50. Ke3 Nxg4+ 51. Kf3 Ne5+ 52. Kg3 d4 0-1

[Event "11th LCC Super Blitz 2019"]
[Site "London"]
[Date "2019.12.08"]
[Round "3.12"]
[White "Watson, Mikey J"]
[Black "Onslow, Teddy"]
[Result "1-0"]
[ECO "C02"]
[WhiteElo "1748"]
[BlackElo "1647"]
[Annotator "NA"]
[PlyCount "89"]
[EventDate "2019.12.08"]
[EventType "swiss"]
[EventCountry "ENG"]
[SourceTitle "playchess.com"]
[Source "ChessBase"]
[SourceQuality "1"]
[TimeControl "180+2"]

1. e4 e6 2. d4 d5 3. e5 c5 4. c3 Nc6 5. Nf3 Bd7 6. Bd3 Qb6 7. O-O cxd4 8. cxd4 Nxd4 9. Nxd4 Qxd4 10. Nc3 Qxe5 11. Re1 Qb8 12. Nxd5 Ne7 13. Bf4 Nxd5 14. Bxb8 Rxb8 15. Qf3 Nf6 16. Rac1 Bd6 17. Red1 Ke7 18. Qe3 a6 19. Qb6 Nd5 20. Qd4 Rhc8 21. Bc4 Bc5 22. Qxg7 Rg8 23. Qh6 Bc6 24. Bxd5 Bxd5 25. Rxd5 exd5 26. Rxc5 Rbc8 27. Rxc8 Rxc8 28. g3 Rc2 29. Qxh7 Rxb2 30. a3 b5 31. Qd3 Kd6 32. h4 a5 33. h5 b4 34. axb4 Rxb4 35. h6 a4 36. h7 Rb8 37. Qa6+ Ke5 38. Qxa4 d4 39. Qa5+ Ke4 40. Qe1+ Kf3 41. Qd1+ Ke4 42. Qe2+ Kf5 43. Qf3+ Kg6 44. Qe4+ Kg7 45. Qe5+ 1-0

[Event "11th LCC Super Blitz 2019"]
[Site "London"]
[Date "2019.12.08"]
[Round "3.12"]
[White "Muhunthan, Charukgan"]
[Black "Sandhu, Manvith"]
[Result "0-1"]
[ECO "B06"]
[WhiteElo "1401"]
[BlackElo "1673"]
[Annotator "NA"]
[PlyCount "137"]
[EventDate "2019.12.08"]
[EventType "swiss"]
[EventCountry "ENG"]
[SourceTitle "playchess.com"]
[Source "ChessBase"]
[SourceQuality "1"]
[TimeControl "180+2"]

1. e4 Nc6 2. Nf3 d6 3. d4 Nf6 4. Nc3 g6 5. Be3 Bg7 6. Bc4 O-O 7. Qd2 a6 8. a4 Nb8 9. h3 Nbd7 10. Bh6 c5 11. Bxg7 Kxg7 12. d5 Nb6 13. Ba2 Qd7 14. a5 Na4 15. Qe2 Nxc3 16. bxc3 Qa4 17. O-O Qxe4 18. Qxe4 Nxe4 19. Rfe1 Nxc3 20. Rxe7 Kf6 21. Re3 Nb5 22. c4 Nc7 23. Rae1 Bd7 24. Nd2 Rfe8 25. Ne4+ Ke5 26. Nxc5+ Kd4 27. Nxd7 Rxe3 28. Rxe3 f5 29. Nf6 Rf8 30. Nd7 Rf7 31. Nb6 f4 32. Rf3 Ne8 33. Kf1 Ng7 34. g3 g5 35. gxf4 gxf4 36. Ke2 Nf5 37. Rd3+ Ke4 38. f3+ Ke5 39. Rd2 Ng3+ 40. Kf2 Nf5 41. Re2+ Kd4 42. Re4+ Kc5 43. Re6 Nd4 44. Re8 Kb4 45. Re1 Kxa5 46. Rb1 Re7 47. Rb2 Nf5 48. Nc8 Re3 49. Nxd6 Nxd6 50. c5 Nb5 51. d6 Re8 52. Bf7 Rd8 53. Be6 Nd4 54. Re2 Nxe2 55. Kxe2 Kb5 56. Bg4 Kxc5 57. d7 Kd6 58. Kd2 Rxd7 59. Bxd7 Kxd7 60. Kd3 b5 61. Ke4 b4 62. Kd4 a5 63. Kc4 Ke6 64. h4 Kf5 65. Kb3 Kg6 66. Kc4 Kh5 67. Kb3 Kxh4 68. Kc4 Kg3 69. Kb3 0-1

[Event "11th LCC Super Blitz 2019"]
[Site "London"]
[Date "2019.12.08"]
[Round "3.13"]
[White "Dhemrait, Jagdeep"]
[Black "Watson, Steven L"]
[Result "1-0"]
[ECO "B90"]
[WhiteElo "1834"]
[BlackElo "1634"]
[Annotator "NA"]
[PlyCount "62"]
[EventDate "2019.12.08"]
[EventType "swiss"]
[EventCountry "ENG"]
[SourceTitle "playchess.com"]
[Source "ChessBase"]
[SourceQuality "1"]
[TimeControl "180+2"]

1. e4 c5 2. Nf3 d6 3. d4 cxd4 4. Nxd4 Nf6 5. Nc3 a6 6. Be3 e5 7. Nb3 Be7 8. a4 Be6 9. f3 Nbd7 10. Nd5 Nxd5 11. exd5 Bf5 12. a5 Rc8 13. c4 Bg6 14. Bd3 O-O 15. O-O f5 16. Qb1 Qe8 17. Nd2 f4 18. Bf2 Bxd3 19. Qxd3 Qh5 20. b3 Rf6 21. Ne4 Rh6 22. h3 Nf6 23. Nxf6+ Bxf6 24. Kh2 Bh4 25. Bxh4 Qxh4 26. Qf5 Qg3+ 27. Kg1 Rf8 28. Qd7 Rg6 29. Ra2 h6 30. Kh1 Rf7 31. Qc8+ Kh7 1-0

[Event "11th LCC Super Blitz 2019"]
[Site "London"]
[Date "2019.12.08"]
[Round "3.13"]
[White "Tombolis, Christopher"]
[Black "Caceres De La Calle, Eduardo"]
[Result "1-0"]
[ECO "D50"]
[WhiteElo "1655"]
[BlackElo "1575"]
[Annotator "NA"]
[PlyCount "73"]
[EventDate "2019.12.08"]
[EventType "swiss"]
[EventCountry "ENG"]
[SourceTitle "playchess.com"]
[Source "ChessBase"]
[SourceQuality "1"]
[TimeControl "180+2"]

1. d4 d5 2. c4 e6 3. Nc3 Nf6 4. Bg5 h6 5. Bh4 c6 6. e3 Bd6 7. Nf3 Nbd7 8. Rc1 b6 9. Bd3 O-O 10. O-O Bb7 11. cxd5 exd5 12. e4 Bf4 13. e5 Bxc1 14. Qxc1 Qc7 15. exf6 Nxf6 16. Bxf6 gxf6 17. Qxh6 Rfe8 18. Qh7+ Kf8 19. Qh8+ Ke7 20. Re1+ Kd7 21. Bf5+ Re6 22. Bxe6+ fxe6 23. Qxf6 Re8 24. Ne5+ Kc8 25. Qg6 Rh8 26. Qxe6+ Kb8 27. Qf6 Qh7 28. Nf3 a5 29. Re7 Qh5 30. Qe5+ Ka7 31. Qxh5 Rxh5 32. Ne5 Rh6 33. g4 Kb8 34. g5 Rh5 35. f4 Bc8 36. Nxc6+ Ka8 37. Ra7# 1-0

[Event "11th LCC Super Blitz 2019"]
[Site "London"]
[Date "2019.12.08"]
[Round "3.14"]
[White "Vaidya, Raghav"]
[Black "Fisher, Neal"]
[Result "1-0"]
[ECO "A21"]
[WhiteElo "1467"]
[BlackElo "1522"]
[Annotator "NA"]
[PlyCount "115"]
[EventDate "2019.12.08"]
[EventType "swiss"]
[EventCountry "ENG"]
[SourceTitle "playchess.com"]
[Source "ChessBase"]
[SourceQuality "1"]
[TimeControl "180+2"]

1. c4 e5 2. Nc3 d6 3. g3 c6 4. h3 Nf6 5. Bg2 Be6 6. d3 Qc7 7. e3 Be7 8. Nge2 O-O 9. O-O Qc8 10. Kh2 Nbd7 11. b3 Re8 12. Bb2 Nf8 13. d4 Ng6 14. d5 Bd7 15. dxc6 Bxc6 16. Bxc6 Qxc6 17. Nd5 Nxd5 18. cxd5 Qd7 19. e4 Rac8 20. Rc1 Rxc1 21. Qxc1 Rc8 22. Qd2 h6 23. Rc1 Rxc1 24. Qxc1 Bg5 25. f4 exf4 26. gxf4 Be7 27. Ng3 Bf6 28. Bxf6 gxf6 29. Qe3 b6 30. a4 Qe7 31. Nf5 Qf8 32. Kg3 Kh7 33. Qc3 Qd8 34. Qc6 Qg8 35. Kf3 Nf8 36. Qxd6 Ng6 37. Qxf6 Qf8 38. Nd6 h5 39. Qxf7+ Qxf7 40. Nxf7 Kg7 41. Nd6 Kf8 42. e5 Ke7 43. Ke4 Nh4 44. f5 Ng2 45. f6+ Kd7 46. Nc4 Nh4 47. e6+ Ke8 48. d6 Ng6 49. f7+ Kf8 50. Ne5 h4 51. Nxg6+ Kg7 52. f8=Q+ Kxg6 53. e7 Kg5 54. e8=Q b5 55. Qe5+ Kg6 56. Qff6+ Kh7 57. Qee7+ Kg8 58. Qff8# 1-0

[Event "11th LCC Super Blitz 2019"]
[Site "London"]
[Date "2019.12.08"]
[Round "3.14"]
[White "Neo, Jing Yi Mischa"]
[Black "Saidmurodov, Shahjahon"]
[Result "0-1"]
[ECO "C30"]
[WhiteElo "1240"]
[BlackElo "1812"]
[Annotator "NA"]
[PlyCount "34"]
[EventDate "2019.12.08"]
[EventType "swiss"]
[EventCountry "ENG"]
[SourceTitle "playchess.com"]
[Source "ChessBase"]
[SourceQuality "1"]
[TimeControl "180+2"]

1. e4 e5 2. f4 Bc5 3. Nf3 d6 4. Nc3 Nf6 5. Bc4 Bg4 6. d3 Nc6 7. h3 Bxf3 8. Qxf3 Nd4 9. Qd1 c6 10. Rf1 Qe7 11. Na4 d5 12. Nxc5 dxc4 13. dxc4 Qxc5 14. b3 Nxe4 15. Be3 Nxc2+ 16. Qxc2 Qxe3+ 17. Qe2 Qc3+ 0-1